 Dungeon Crawl Stone Soup version 0.28-a0-1080-g05a166d0ed (webtiles) character file.

Game seed: 10994157880806013660

0 spiderkeys the Ducker (level 1, -5/13 HPs)
             Began as a Deep Elf Abyssal Knight on Dec 10, 2021.
             Was a Follower of Lugonu.
             Slain by a hell hound (10 damage)
             ... on level 2 of the Abyss.
             The game lasted 00:01:27 (224 turns).

spiderkeys the Ducker (Deep Elf Abyssal Knight)      Turns: 224, Time: 00:01:28

Health: -5/13      AC:  3    Str: 10    XL:     1   Next: 0%
Magic:  4/4        EV: 12    Int: 14    God:    Lugonu [*.....]
Gold:   0          SH:  0    Dex: 15    Spells: 0/0 levels left

rFire   . . .      SeeInvis .   a - +1 short sword
rCold   . . .      Faith    .   (no shield)
rNeg    . . .      Spirit   .   b - +0 leather armour
rPois   .          Reflect  .   (no helmet)
rElec   .          Harm     .   (no cloak)
rCorr   .          Rampage  .   (no gloves)
Will    .....                   (no boots)
Stlth   +.........              (no amulet)
HPRegen 0.04/turn               (no ring)
MPRegen 0.09/turn               (no ring)

@: confused
A: no striking features
a: Renounce Religion, Depart the Abyss


You were on level 2 of the Abyss.
You worshipped Lugonu.
Lugonu was aware of your devotion.
You visited 0 branches of the dungeon, and saw 0 of its levels.
You visited the Abyss 1 time.


   Skills:
 + Level 2.4 Fighting
 + Level 2.0 Short Blades
 - Level 0.7 Armour
 + Level 2.4 Dodging
 + Level 2.0 Invocations


You couldn't memorise any spells.
You didn't know any spells.
Your spell library was empty.

Inventory:

Hand Weapons
 a - a +1 short sword (weapon)
Missiles
 e - 11 arrows
Armour
 b - a +0 leather armour (worn)
Scrolls
 c - a scroll of brand weapon {unknown}
 d - a scroll of holy word {unknown}

Dungeon Overview and Level Annotations

Branches:
Dungeon (0/15)

Altars:

.. # #. #
.#. . . #
... . .
..♣ . # .
. # .# ##
.#
.#.##### #
. ♣#@G.##
. #
###.h## .
##.h.#
####..*...
.#.
##.#...# #
## .# #..
.. .. ##


You could see a wretched star, 2 hell hounds and a golden eye.


Message History

You completely miss the golden eye.
The golden eye blinks!
Unknown command.
You bump into the stone wall.
The golden eye blinks at you.
You are more confused.
You bump into the stone wall.
The golden eye blinks at you.
You are more confused.
You closely miss the golden eye. The golden eye blinks at you.
You easily resist.
You're too confused to move!
The golden eye turns its gaze towards you.
You miss the golden eye.
You bump into the stone wall.
Unknown command.
The golden eye blinks at you. You resist with almost no effort.
You hit the golden eye. The golden eye blinks at you.
You are more confused.
You're too confused to move!
The golden eye turns its gaze towards you.
The golden eye blinks at you.
You are more confused.
You bump into the stone wall.
The golden eye turns its gaze towards you.
The golden eye blinks at you.
You are more confused.
You bump into the stone wall.
You closely miss the golden eye. The golden eye blinks at you.
You are more confused.
You bump into the stone wall.
The golden eye blinks at you.
You are more confused.
You miss the golden eye. The golden eye blinks at you.
You are more confused.
You bump into the stone wall.
The golden eye blinks!
The golden eye turns its gaze towards you.
You're too confused to move!
The golden eye blinks at you.
You are more confused.
You bump into the rock wall.
The golden eye turns its gaze towards you.
You bump into the rock wall.
The golden eye blinks at you. You resist with almost no effort.
You bump into the rock wall.
The golden eye turns its gaze towards you.
The golden eye blinks at you. You resist with almost no effort.
You bump into the rock wall.
The golden eye turns its gaze towards you.
The golden eye blinks at you.
You are more confused.
You closely miss the golden eye.
The golden eye blinks!
The golden eye turns its gaze towards you.
The golden eye blinks at you.
You are more confused.
You bump into the stone wall.
The golden eye blinks!
You bump into the stone wall.
The golden eye turns its gaze towards you.
The golden eye blinks at you.
You are more confused.
You bump into the stone wall.
The golden eye blinks at you.
You are more confused.
You bump into the stone wall.
The golden eye blinks at you.
You are more confused.
A hell hound comes into view.
You completely miss the golden eye.
The hell hound barks!
The golden eye blinks at you.
You are more confused.
You miss the golden eye. The golden eye blinks at you.
You are more confused.
You bump into the stone wall.
The golden eye turns its gaze towards you.
A wretched star comes into view.
You bump into the crystal wall.
The hell hound misses you.
A hell hound comes into view.
The golden eye blinks at you.
You are more confused.
The hell hound completely misses you.
You bump into the stone wall.
The hell hound barks!
The hell hound barely misses you.
Unknown command.
You're too confused to move!
The hell hound bites you!
Ouch! That really hurt!
* * * LOW HITPOINT WARNING * * *
The hell hound bites you!
Ouch! That really hurt!
You die...

Action                   || total
-------------------------++-------
Melee: Short sword       ||    48
  Use: Potion            ||     1
Dodge: Dodged            ||     3

Levels and vault maps discovered:
Abyss:2:  base: Temple, hangedman_cross_veins, evilmike_abyss_exit_plants

Notes
Turn   | Place    | Note
-------+----------+-------------------------------------------
     0 | Abyss:1  | spiderkeys the Deep Elf Abyssal Knight began the quest for
                  | the Orb.
     0 | Abyss:1  | Reached XP level 1. HP: 13/13 MP: 4/4
     0 | Abyss:1  | magus.rc [v1.9.10]
    59 | Abyss:1  | Noticed a spatial maelstrom
    59 | Abyss:1  | Noticed a large abomination
    74 | Abyss:2  | Noticed a golden eye
    74 | Abyss:2  | Noticed a golden eye
    74 | Abyss:2  | Noticed a golden eye
    74 | Abyss:2  | Noticed a golden eye
    75 | Abyss:2  | Noticed a golden eye
    76 | Abyss:2  | Noticed a golden eye
   216 | Abyss:2  | Noticed a hell hound
   221 | Abyss:2  | Noticed a wretched star
   222 | Abyss:2  | Noticed a hell hound
   224 | Abyss:2  | Slain by a hell hound

Vanquished Creatures (others)
  A demonic plant (Abyss:2)
1 creature vanquished.

Table legend:
 A = Non-vault XP
 B = Vault XP
 C = Vault XP percentage of total XP
 D = Non-vault monster count
 E = Vault monster count
 F = Vault count percentage of total count
                 A         B        C        D         E       F
            +---------+---------+-------+---------+---------+-------
      Total |       0 |       0 |   N/A |       0 |       0 |  -nan
            +---------+---------+-------+---------+---------+-------
            +---------+---------+-------+---------+---------+-------

Illustrated notes

Table legend: (Time is in decaauts)
 A = Elapsed time spent in this place.
 B = Non-inter-level travel time spent in this place.
 C = Inter-level travel time spent in this place.
 D = Time resting spent in this place.
 E = Time spent auto-exploring this place.
 F = Levels seen in this place.
 G = Mean time per level.
                   A        B        C        D        E       F      G
               +--------+--------+--------+--------+--------+-----+--------+
         Total |    225 |    225 |      0 |      0 |     51 |   2 |  112.5 |
         Abyss |    225 |    225 |      0 |      0 |     51 |   2 |  112.5 |
               +--------+--------+--------+--------+--------+-----+--------+

Top non-repeatable levels by time:
 Abyss:2: 162 daAuts
 Abyss:1: 62 daAuts
